 Dungeon Crawl Stone Soup version 0.26-a0-542-gbaa144ba5c (webtiles) character file.

Game seed: 6682659002300710330

199 Eifo4Ohj9gu9Dob0ohLe the Ruffian (level 5, -3/44 HPs)
             Began as a Ghoul Warper on Aug 17, 2020.
             Slain by a worker ant (5 damage)
             ... on level 5 of the Dungeon.
             The game lasted 00:21:09 (3046 turns).

Eifo4Ohj9gu9Dob0ohLe the Ruffian (Ghoul Warper)     Turns: 3046, Time: 00:21:09

Health: -3/44      AC:  9    Str: 16    XL:     5   Next: 77%
Magic:  6/7        EV:  9    Int:  8    God:
Gold:   212        SH:  0    Dex:  8    Spells: 3/8 levels left

rFire    + + .     SeeInvis .     - Unarmed
rCold    . . .     Faith    .   (no shield)
rNeg     + + +     Spirit   .   l - +0 fire dragon scales
rPois    ∞         Reflect  .   (no helmet)
rElec    .         Harm     .   (no cloak)
rCorr    .                      (no gloves)
MR       .....                  m - +0 pair of boots
Stlth    ..........             (no amulet)
HPRegen  0.00/turn              (no ring)
MPRegen  0.10/turn              (no ring)

@: no status effects
A: rotting body, claws 1, cold resistance 1, negative energy resistance 3,
inhibited regeneration, torment resistance, unbreathing
a: no special abilities


You were on level 5 of the Dungeon.
You visited 1 branch of the dungeon, and saw 5 of its levels.

You collected 212 gold pieces.

Inventory:

Missiles
 d - 5 boomerangs of dispersal
 i - 4 boomerangs
 j - a throwing net (quivered)
Armour
 a - a +0 leather armour
 l - +0 fire dragon scales (worn)
 m - a +0 pair of boots (worn)
Jewellery
 h - an uncursed ring of ice
Scrolls
 b - 3 scrolls of identify
 c - 2 scrolls of blinking
 e - 2 scrolls of teleportation
 f - 2 scrolls of remove curse
 n - a scroll of fear {unknown}
 o - a scroll of enchant armour {unknown}
 p - a scroll of magic mapping
Potions
 k - 2 potions of degeneration {unknown}


   Skills:
 + Level 2.8 Fighting
 + Level 0.8 Throwing
 + Level 1.5 Armour
 + Level 3.1 Dodging
 + Level 0.4 Stealth
 + Level 4.0 Unarmed Combat
 + Level 2.4 Spellcasting
 + Level 3.0 Translocations


You had 3 spell levels left.
You knew the following spells:

 Your Spells              Type           Power        Failure   Level
a - Blink                 Tloc           N/A          58%         2
b - Lesser Beckoning      Tloc           #.........   82%         3

Your spell library contained the following spells:

 Spells                   Type           Power        Failure   Level
 Gell's Gravitas          Tloc           #.........   82%         3
 Teleport Other           Tloc           #.......     82%         3
 Passage of Golubria      Tloc           N/A          99%         4


Dungeon Overview and Level Annotations

Branches:
Dungeon (5/15)
 Temple: D:4-7

Altars:
Elyvilon
Hepliaklqana
Nemelex Xobeh

Annotations:
D:5 Pikel


Innate Abilities, Weirdness & Mutations

Your body is rotting away.
You thrive by killing the living.
You are immune to poison.
You have sharp fingernails.
Your flesh is cold resistant. (rC+)
You are immune to negative energy. (rN+++)
You do not regenerate when monsters are visible.
You are immune to unholy pain and torment.
You can survive without breathing.


Message History

You scratch Pikel but do no damage.
Pikel is severely wounded.
Pikel hits you with a +1 whip of flaming.
* * * LOW HITPOINT WARNING * * *
You closely miss Pikel.
Pikel is severely wounded.
Pikel hits you with a +1 whip of flaming.
* * * LOW HITPOINT WARNING * * *
You scratch Pikel.
Pikel is severely wounded.
Pikel hits you but does no damage.
You barely miss Pikel.
Pikel is severely wounded.
The worker ant bites you but does no damage.
Pikel barely misses you.
You closely miss Pikel.
Pikel is severely wounded.
The worker ant barely misses you. Pikel hits you but does no damage.
The worker ant bites you.
You die...

.....#
....#
....#
^..# ...#
#..#
#Ka###
#@...#
#.....#
####....#
##.. #


You could see Pikel and a worker ant.

Vanquished Creatures
  A lemure (D:4)
  An orc priest (D:3)
  A worker ant (D:4)
  A hound skeleton (D:2)
  2 adders
  3 gnolls (D:2)
  A worm (D:2)
  An adder skeleton (D:2)
  An adder zombie (D:2)
  3 dart slugs
  3 leopard geckos
  4 orcs
  3 bats (D:2)
  A bat skeleton (D:2)
  A bat zombie (D:2)
  3 giant cockroaches
  10 goblins
  7 hobgoblins
  2 quokkas
  A ball python (D:1)
  A ball python skeleton (D:2)
  A ball python zombie (D:2)
  5 frilled lizards
  A giant cockroach zombie (D:2)
  5 kobolds (D:1)
  2 quokka skeletons (D:2)
  6 rats
71 creatures vanquished.

Notes
Turn   | Place    | Note
-------+----------+-------------------------------------------
     0 | D:1      | Eifo4Ohj9gu9Dob0ohLe the Ghoul Warper began the quest for
                  | the Orb.
     0 | D:1      | Reached XP level 1. HP: 17/17 MP: 2/2
   178 | D:1      | Reached XP level 2. HP: 21/25 MP: 4/4
   182 | D:1      | Learned a level 2 spell: Blink
   724 | D:2      | Reached XP level 3. HP: 30/30 MP: 2/5
   879 | D:2      | Learned a level 3 spell: Lesser Beckoning
   887 | D:2      | Reached skill level 1 in Armour
   887 | D:2      | Reached XP level 4. HP: 31/37 MP: 6/6
   972 | D:2      | Reached skill level 3 in Unarmed Combat
  1480 | D:2      | Found a sparkling altar of Nemelex Xobeh.
  1749 | D:2      | Reached XP level 5. HP: 39/42 MP: 7/7
  1947 | D:3      | Found a white marble altar of Elyvilon.
  2451 | D:3      | Found a hazy altar of Hepliaklqana.
  2942 | D:4      | Reached skill level 4 in Unarmed Combat
  3001 | D:4      | Noticed Pikel
  3001 | D:4      | Noticed a lemure
  3001 | D:4      | Noticed a lemure
  3001 | D:4      | Noticed a lemure
  3002 | D:4      | Noticed a lemure
  3022 | D:4      | Killed a lemure
  3038 | D:5      | Entered Level 5 of the Dungeon
  3043 | D:5      | HP: 2/44 [Pikel/+1 whip of flaming (4)]
  3046 | D:5      | Slain by a worker ant

Illustrated notes

Levels and vault maps discovered:
D:1:      scummos_arrival_simple_crosswalls, layout_basic
D:2:      layout_loops_cross, nicolae_overflow_crystal_walls, serial_undead,
          serial_undead_a, serial_undead_e, serial_undead_d, serial_undead_d,
          serial_undead_d, serial_undead_a, serial_undead_a
D:3:      layout_basic, lemuel_crystal_altar, elyvilon_altar_5
D:4:      layout_layer_cave, uniq_pikel
D:5:      layout_rooms, bloody_trog, basic_altar

Skill      XL: |  1  2  3  4  5 |
---------------+----------------+-----
Spellcasting   | 2 |  2.4
Dodging        | 2 3 |  3.1
Translocations | 3 |  3.0
Armour         | 1 |  1.5
Unarmed Combat | 3 4 |  4.0
Fighting       | |  2.8
Throwing       | |  0.8
Stealth        | |  0.4

Action                   |  1- 3 |  4- 6 || total
-------------------------+-------+-------++-------
Melee: Unarmed           |   113 |   192 ||   305
       Punch             |     1 |     1 ||     2
Throw: Throwing net      |       |     1 ||     1
 Cast: Blink             |     1 |     1 ||     2
  Use: Potion            |       |     9 ||     9
       Scroll            |       |     4 ||     4
Armor: Leather armour    |    30 |    26 ||    56
       Fire dragon scale |       |    38 ||    38
Dodge: Dodged            |    72 |   110 ||   182

Table legend: (Time is in decaauts)
 A = Elapsed time spent in this place.
 B = Non-inter-level travel time spent in this place.
 C = Inter-level travel time spent in this place.
 D = Time resting spent in this place.
 E = Time spent auto-exploring this place.
 F = Levels seen in this place.
 G = Mean time per level.
                   A        B        C        D        E       F      G
               +--------+--------+--------+--------+--------+-----+--------+
         Total |   3030 |   2990 |     40 |    693 |    451 |   5 |  606.0 |
       Dungeon |   3030 |   2990 |     40 |    693 |    451 |   5 |  606.0 |
               +--------+--------+--------+--------+--------+-----+--------+

Top non-repeatable levels by time:
     D:2: 1122 daAuts
     D:3: 1080 daAuts
     D:1: 670 daAuts
     D:4: 149 daAuts
     D:5: 7 daAuts
